AoeStats
← ignacio.geli

Arabia

508954738Analyzed
1v1 RM · 9d ago on Sep 24, 2026· 13m 39s· 2 players
Game mode
Random Map
Map size
Tiny (2 player)
Population
200
Speed
Normal
Resources
Standard
Victory
Conquest
Starting age
Dark Age
Ending age
Imperial Age
RankedLock teamsTeams togetherTeam positionsShared explorationLock speedFull tech treeHidden civsTurbo modeCheats
Victory
Defeat
🇨🇴 Franks · Colombia
773
+17
🇦🇷 Italians · Argentina
803
-17
alejandrosandoval013102
4:54 Loom
10:42 Feudal Age
ignacio.geli
8:41 Loom
10:27 Feudal Age
11:23 Double-Bit Axe
11:20 Horse Collar
12:05 Man-at-Arms
13:49 Wheelbarrow
Connection lost

Rejoining the realm…

Still unreachable

The connection could not be restored.

Session expired

The server has moved on; the page needs a fresh start.